 Dungeon Crawl Stone Soup version 0.31-a0-702-gf82c85558f (webtiles) character file.

Game seed: 12522771835548426291

175 qw the Shooter (level 5, -6/32 HPs)
             Began as a Gargoyle Hunter on Sept 7, 2023.
             Mangled by Menkaure (13 damage)
             ... on level 4 of the Dungeon.
             The game lasted 00:01:12 (2498 turns).

qw the Shooter (Gargoyle Hunter)                    Turns: 2498, Time: 00:01:12

Health: -6/32      AC: 10    Str: 14    XL:     5   Next: 55%
Magic:  5/5        EV: 10    Int: 10    God:
Gold:   237        SH:  0    Dex: 15    Spells: 4/4 levels left

rFire   . . .        Y - +0 shortbow
rCold   . . .        (shield currently unavailable)
rNeg    + . .        i - +0 ring mail
rPois   inf          a - +0 helmet
rElec   +            (no cloak)
rCorr   .            (no gloves)
SInv    .            (no boots)
Will    .....        (no amulet)
Stlth   +            (no ring)
HPRegen 0.25/turn    (no ring)
MPRegen 0.09/turn

%: no passive effects
@: no status effects
A: sickness immunity, AC +4, negative energy resistance 1, electricity
resistance, torment resistance 1, petrification resistance
a: no special abilities


You were on level 4 of the Dungeon.
You visited 1 branch of the dungeon, and saw 4 of its levels.

You collected 237 gold pieces.


Innate Abilities, Weirdness & Mutations

You are immune to sickness and miasma.
Your stone body is resilient. (AC +4)
You are immune to poison.
You resist negative energy. (rN+)
You are resistant to electric shocks. (rElec)
You are resistant to unholy torment.
You are immune to petrification.


   Skills:
 + Level 3.5 Fighting
 - Level 6.0 Ranged Weapons
 - Level 1.0 Armour
 - Level 1.5 Dodging
 - Level 1.1 Stealth


You had 4 spell levels left.
You didn't know any spells.
Your spell library was empty.

Inventory:

Hand Weapons
 Y - a +0 shortbow (weapon)
Armour
 a - a +0 helmet (worn)
 i - a +0 ring mail (worn)
Jewellery
 c - a ring of fire
 h - a ring of ice
Potions
 b - a potion of degeneration {unknown}
 d - 2 potions of curing
 f - a potion of lignification {unknown}
 g - a potion of might {unknown}
 n - 2 potions of heal wounds {unknown}
 o - a potion of enlightenment {unknown}

Dungeon Overview and Level Annotations

Branches:
Dungeon (4/15)
 Temple: D:4-7

Altars:
Ashenzari

Annotations:
D:2 1 runed translucent door, Crazy Yiuf
D:4 Menkaure


Message History

Menkaure casts a spell.
Menkaure seems to speed up.
2482 ||| FLEEEEING.
2483 ||| FLEEEEING.
2484 ||| FLEEEEING.
2485 ||| FLEEEEING.
2486 ||| STILL FLEEEEING.
2487 ||| STILL FLEEEEING.
2488 ||| STILL FLEEEEING.
2489 ||| STILL FLEEEEING.
You shoot an arrow. The arrow hits Menkaure.
Menkaure is lightly damaged.
You shoot an arrow.
The arrow hits Menkaure but does no damage.
Menkaure is lightly damaged.
You shoot an arrow. The arrow closely misses Menkaure.
Menkaure calls on the powers of darkness!
Your body is wracked with pain!
You shoot an arrow. The arrow hits Menkaure.
Menkaure is moderately damaged.
You shoot an arrow. The arrow hits Menkaure.
Menkaure is heavily damaged.
Menkaure calls on the powers of darkness!
Your body is wracked with pain!
Menkaure hits you but does no damage.
You shoot an arrow. The arrow hits Menkaure.
Menkaure is heavily damaged.
Menkaure grins.
Menkaure hits you!
You shoot an arrow.
The arrow hits Menkaure but does no damage.
Menkaure is heavily damaged.
Menkaure barely misses you. Menkaure hits you.
You shoot an arrow.
The arrow hits Menkaure but does no damage.
Menkaure is heavily damaged.
Menkaure completely misses you.
You shoot an arrow. The arrow hits Menkaure.
Menkaure is heavily damaged.
Menkaure hits you!
You die...

###
####################.##
###.....%.......@M......#
.....#################.##
###..# #.# .....# #.#
...<.# #.# ####.######
#.# #).....# #.#
##)####.# #M# #..# #.#


You could see Menkaure (fast).

Vanquished Creatures
  A hound (D:4)
  Robin (D:2)
  5 adders
  2 worms (D:2)
  3 dart slugs
  8 endoplasms
  A giant cockroach (D:3)
  19 goblins
  9 hobgoblins
  4 jackals (D:3)
  5 quokkas
  6 ball pythons
  5 bats
  5 frilled lizards
  5 kobolds
  A rat (D:1)
80 creatures vanquished.

Notes
Turn   | Place    | Note
-------+----------+-------------------------------------------
     0 | D:1      | qw the Gargoyle Hunter began the quest for the Orb.
     0 | D:1      | Reached XP level 1. HP: 12/12 MP: 1/1
     0 | D:1      | 0 ||| qw: Version: 0.3-a-76-g4403597
     0 | D:1      | 0 ||| qw: Game counter: 867
     0 | D:1      | 0 ||| qw: Melee chars always use a shield: true
     0 | D:1      | 0 ||| qw: God list: Okawaru
     0 | D:1      | 0 ||| qw: Allow faded altars: false
     0 | D:1      | 0 ||| qw: Do Orc after clearing Dungeon:15 true
     0 | D:1      | 0 ||| qw: Do second Lair branch before Depths: true
     0 | D:1      | 0 ||| qw: Lair rune preference: random
     0 | D:1      | 0 ||| qw: Goals: Normal
     0 | D:1      | 0 ||| PLANNING D:1-11
   104 | D:1      | Reached XP level 2. HP: 17/17 MP: 2/2
   248 | D:1      | Reached XP level 3. HP: 21/21 MP: 3/3
   254 | D:1      | Reached skill level 5 in Ranged Weapons
   452 | D:1      | 452 ||| UPGRADING to +0 ring mail.
   462 | D:1      | 462 ||| DROPPING +0 leather armour.
   463 | D:1      | 463 ||| READING scroll labelled ROMIPSIPHO.
   464 | D:1      | 464 ||| READING scroll labelled SUPEBA JUDUCO.
   465 | D:1      | 465 ||| READING scroll labelled WEABEF NAZ.
   566 | D:1      | 566 ||| DROPPING scroll of butterflies.
   678 | D:2      | Noticed Robin
   689 | D:2      | HP: 4/21 [goblin/+0 club[Robin] (3)]
   690 | D:2      | Reached skill level 1 in Armour
   700 | D:2      | HP: 1/22 [goblin/+0 club[Robin] (3)]
   709 | D:2      | HP: 2/22 [Robin/+0 spear (2)]
   712 | D:2      | Killed Robin
   713 | D:2      | Reached XP level 4. HP: 1/27 MP: 4/4
   713 | D:2      | 713 ||| FLEEEEING.
   714 | D:2      | 714 ||| FLEEEEING.
   715 | D:2      | 715 ||| FLEEEEING.
   716 | D:2      | 716 ||| FLEEEEING.
   717 | D:2      | 717 ||| FLEEEEING.
   718 | D:2      | 718 ||| FLEEEEING.
   719 | D:2      | 719 ||| FLEEEEING.
   720 | D:2      | 720 ||| FLEEEEING.
   721 | D:2      | 721 ||| FLEEEEING.
   722 | D:2      | 722 ||| FLEEEEING.
   723 | D:2      | 723 ||| FLEEEEING.
   724 | D:2      | 724 ||| FLEEEEING.
   725 | D:2      | 725 ||| FLEEEEING.
   726 | D:2      | 726 ||| FLEEEEING.
   727 | D:2      | 727 ||| FLEEEEING.
   728 | D:2      | 728 ||| FLEEEEING.
   729 | D:2      | 729 ||| FLEEEEING.
   730 | D:2      | 730 ||| FLEEEEING.
   731 | D:2      | 731 ||| FLEEEEING.
   732 | D:2      | 732 ||| FLEEEEING.
   733 | D:2      | 733 ||| FLEEEEING.
   734 | D:2      | 734 ||| FLEEEEING.
   735 | D:2      | 735 ||| FLEEEEING.
   736 | D:2      | 736 ||| FLEEEEING.
   737 | D:2      | 737 ||| FLEEEEING.
   738 | D:2      | 738 ||| FLEEEEING.
   739 | D:2      | 739 ||| FLEEEEING.
   740 | D:2      | 740 ||| FLEEEEING.
   741 | D:2      | 741 ||| FLEEEEING.
   742 | D:2      | 742 ||| FLEEEEING.
   743 | D:2      | 743 ||| FLEEEEING.
   744 | D:2      | 744 ||| FLEEEEING.
   745 | D:2      | 745 ||| FLEEEEING.
   746 | D:2      | 746 ||| FLEEEEING.
   747 | D:2      | 747 ||| FLEEEEING.
   748 | D:2      | 748 ||| STAIRDANCE
   820 | D:2      | 820 ||| STAIRDANCE
   824 | D:1      | Reached skill level 3 in Fighting
   832 | D:2      | 832 ||| STAIRDANCE
  1144 | D:2      | Found a faded altar of an unknown god.
  1358 | D:2      | Found a runed translucent door.
  1359 | D:2      | Noticed Crazy Yiuf
  1585 | D:2      | 1585 ||| UPGRADING to +0 helmet.
  1590 | D:2      | 1590 ||| DRINKING 3 black potions.
  1697 | D:3      | Reached XP level 5. HP: 32/32 MP: 5/5
  1896 | D:3      | Found a broken altar of Ashenzari.
  2138 | D:3      | 2138 ||| READING scroll labelled XOCYOL SYLOR.
  2139 | D:3      | 2139 ||| READING scroll labelled JUGHOO HAIZEW.
  2144 | D:3      | 2144 ||| READING scroll labelled HABBES UDYFO.
  2145 | D:3      | 2145 ||| READING scroll labelled RESEASTRISA.
  2146 | D:3      | 2146 ||| DRINKING 2 emerald potions.
  2251 | D:3      | 2251 ||| DROPPING potion of berserk rage.
  2289 | D:4      | 2289 ||| STAIRDANCE
  2362 | D:4      | Reached skill level 6 in Ranged Weapons
  2479 | D:4      | Noticed Menkaure
  2482 | D:4      | 2482 ||| FLEEEEING.
  2483 | D:4      | 2483 ||| FLEEEEING.
  2484 | D:4      | 2484 ||| FLEEEEING.
  2485 | D:4      | 2485 ||| FLEEEEING.
  2495 | D:4      | HP: 7/32 [Menkaure (11)]
  2498 | D:4      | Mangled by Menkaure

Levels and vault maps discovered:
D:1:      psy_arrival_radial01, layout_rooms, due_unseen_surprise
D:2:      layout_loops_ring, shapermc_ecumenical_altar_acropolis, uniq_robin,
          uniq_crazy_yiuf_cottage
D:3:      layout_rooms, mainiacjoe_overflow_chevrons, kennysheep_boxes
D:4:      layout_loops_ring, uniq_menkaure, uniq_eustachio

Skill      XL: |  1  2  3  4  5 |
---------------+----------------+-----
Ranged Weapons | 5 6 |  6.0
Armour         | 1 |  1.0
Fighting       | 3 |  3.5
Dodging        | |  1.5
Stealth        | |  1.1

Action                     |  1- 3 |  4- 6 || total
---------------------------+-------+-------++-------
   Fire: Shortbow          |    87 |   170 ||   257
    Use: Scroll            |     3 |     4 ||     7
         Potion            |       |     2 ||     2
 Armour: Leather armour    |     3 |       ||     3
         Ring mail         |    36 |    66 ||   102
  Dodge: Dodged            |    20 |    55 ||    75

Table legend:
 A = Non-vault XP
 B = Vault XP
 C = Vault XP percentage of total XP
 D = Non-vault monster count
 E = Vault monster count
 F = Vault count percentage of total count
                 A         B        C        D         E       F
            +---------+---------+-------+---------+---------+-------
      Total |     215 |      36 |  14.3 |      68 |      12 |  15.0
            +---------+---------+-------+---------+---------+-------
        D:1 |      42 |       2 |   4.5 |      23 |       1 |   4.2
        D:2 |      76 |      34 |  30.9 |      20 |      11 |  35.5
        D:3 |      50 |       0 |   0.0 |      16 |       0 |   0.0
        D:4 |      47 |       0 |   0.0 |       9 |       0 |   0.0
            +---------+---------+-------+---------+---------+-------
